 Dungeon Crawl Stone Soup version 0.18.1-6-gd335043 (webtiles) character file.

3841 Romlok the Basher (level 10, -3/71 HPs)
             Began as a Formicid Venom Mage on May 18, 2016.
             Was a Follower of Okawaru.
             Killed from afar by an electric eel (14 damage)
             ... with a bolt of electricity
             ... on level 9 of the Dungeon.
             The game lasted 01:54:31 (14891 turns).

Romlok the Basher (Formicid Venom Mage)            Turns: 14891, Time: 01:54:31

Health: -3/71      AC:  5    Str: 12    XL:     10   Next: 41%
Magic:  6/11       EV: 16    Int: 16    God:    Okawaru [*.....]
Gold:   471        SH:  5    Dex: 14    Spells: 2 memorised, 9 levels left

rFire  . . .     SeeInvis +     r - +1 flail
rCold  . . .     Gourm    .     s - +1 leather armour
rNeg   . . .     Faith    .     K - +0 buckler
rPois  +         Spirit   .     (helmet unavailable)
rElec  .         Dismiss  .     u - +0 cloak (curse)
rCorr  .         Reflect  .     (no gloves)
SustAt .         Harm     .     (no boots)
MR     +....                    (no amulet)
Stlth  ++........               O - ring of flight
                                q - +4 ring of evasion

@: somewhat resistant to hostile enchantments, unstealthy
A: permanent stasis, dig shafts and tunnels, four strong arms, antennae 3, low
mp 1, poison resistance, sturdy frame 1
a: Dig, Shaft Self, Heroism, Renounce Religion, Evoke Flight


You were on level 9 of the Dungeon.
You worshipped Okawaru.
Okawaru was aware of your devotion.
You were hungry.

You visited 2 branches of the dungeon, and saw 10 of its levels.

You collected 471 gold pieces.

Inventory:

Hand Weapons
 r - a +1 flail (weapon)
Missiles
 e - 355 stones (quivered)
 h - 13 tomahawks
 p - 10 javelins
Armour
 a - a +0 robe
 s - a +1 leather armour (worn)
 u - a cursed +0 cloak (worn)
 G - a +0 ring mail
 K - a +0 buckler (worn)
 R - a +0 large shield
Jewellery
 j - an uncursed amulet of faith
 q - a +4 ring of evasion (left hand)
 O - a ring of flight (right hand)
Wands
 b - a wand of polymorph (8/24)
 w - a wand of lightning (5/15)
 C - a wand of disintegration (1/24)
 I - a wand of lightning (8/15)
 M - a wand of confusion (7/48)
Scrolls
 i - 6 scrolls of remove curse
 n - 7 scrolls of identify
 x - a scroll of fear
 y - a scroll of enchant armour
 P - 2 scrolls of recharging {unknown}
Potions
 d - a potion of flight {unknown}
 l - 3 potions of ambrosia
 v - a potion of heal wounds
 A - a potion of curing
 B - a potion of brilliance
 D - a potion of lignification {unknown}
 E - a potion of cancellation {unknown}
 F - a potion of haste {unknown}
 J - a potion of resistance
Books
 L - a book of Flames

   Spells                             Type                      Level
   a - Flame Tongue                   Conjuration/Fire             1
   b - Throw Flame                    Conjuration/Fire             2
   c - Conjure Flame                  Conjuration/Fire             3
   d - Inner Flame                    Hexes/Fire                   3
   e - Sticky Flame                   Conjuration/Fire             4
   f - Fireball                       Conjuration/Fire             5
 N - a book of Burglary

   Spells                             Type                      Level
   a - Swiftness                      Charms/Air                   2
   b - Passwall                       Transmutation/Earth          2
   c - Passage of Golubria            Translocation                4
   d - Lee's Rapid Deconstruction     Earth                        5
   e - Darkness                       Hexes                        6
   f - Invisibility                   Hexes                        6
Comestibles
 c - 2 bread rations
 m - 3 beef jerkies
 o - 7 meat rations
 z - 16 fruits


   Skills:
 + Level 4.0 Fighting
 * Level 12.7 Maces & Flails
 + Level 0.2 Armour
 + Level 1.7 Dodging
 - Level 2.4 Stealth
 + Level 3.3 Shields
 - Level 2.1 Spellcasting
 - Level 5.3 Poison Magic
 + Level 3.1 Invocations


You had 9 spell levels left.
You knew the following spells:

 Your Spells              Type           Power        Failure   Level  Hunger
a - Sting                 Conj/Pois      ##..         10%         1    #......
b - Mephitic Cloud        Conj/Pois/Air  #.......     34%         3    ###....


Dungeon Overview and Level Annotations

Branches:
Dungeon (9/15)             Temple (1/1) D:7            Lair (0/8) D:8
    Orc: D:9-12

Altars:
Ashenzari
Cheibriados
Dithmenos
Elyvilon
Fedhas
Gozag
Kikubaaqudgha
Makhleb
Nemelex Xobeh
Okawaru
Pakellas
Qazlal
Ru
Sif Muna
Trog
Vehumet
Xom
Yredelemnul
Zin
The Shining One

Annotations:
D:2 Ijyb
D:3 Vaeri's ghost, weakling DESu
D:9 2 runed doors


Innate Abilities, Weirdness & Mutations

You are under a permanent stasis effect.
You can dig through walls and to a lower floor.
Your four strong arms can wield two-handed weapons with a shield.
You have a pair of large antennae on your head (SInv).
Your magical capacity is low (-10% MP).
Your system is resistant to poisons.
Your movements are slightly less encumbered by armour (ER -2).


Message History

Confirm with . or Enter, or press ? or * to list all spells.
Aiming: Sting
Press: ? - help, Shift-Dir - straight line, f/p - electric eel
Aim: an electric eel (water, heavily wounded)
The sting hits the electric eel.
The electric eel is poisoned.
The electric eel is severely wounded.
The electric eel shoots out a bolt of lightning at you!
The bolt of electricity misses you. The bolt of electricity hits you!
Casting: Sting
Confirm with . or Enter, or press ? or * to list all spells.
Aiming: Sting
Press: ? - help, Shift-Dir - straight line, f/p - electric eel
Aim: an electric eel (water, severely wounded, poisoned)
The sting misses the electric eel.
The electric eel shoots out a bolt of lightning at you!
The bolt of electricity hits you! x2
* * * LOW HITPOINT WARNING * * *
The electric eel shoots out a bolt of lightning at you!
The bolt of electricity hits you!
You die...

#.#≈≈≈≈≈≈≈≈≈≈≈≈≈#{{+...+{{ ≈≈≈≈≈≈
#.#≈≈≈≈≈≈≈≈≈≈≈≈≈#{{#≈.≈####≈≈≈≈≈≈
#.#≈≈≈≈≈≈≈≈≈≈≈≈≈####≈.≈≈≈≈≈≈≈≈≈≈≈
#.#≈≈≈≈≈≈≈≈≈≈≈≈≈≈≈≈≈≈.;≈≈≈≈≈≈≈≈≈.
#.#≈≈≈≈#.........................
..# #.........................
..# #.........................
..######.........................
................@................
..............###########.......#
###...........#.........#.......#
..+.##'###....#......<..#.......'
..#.#....#....#.........#.......#
..#.#....#....#.........'........
..#.#....#....#.........#......C.
..#.#....#....#.........#........
..#.######....#.........#........


You could see an electric eel.

Vanquished Creatures
  A wyvern (D:8)
  2 hippogriffs
  A hungry ghost (D:9)
  An ice beast (D:9)
  2 sky beasts
  An orc warrior (D:7)
  2 ogres (D:7)
  A phantom (D:7)
  3 centaurs
  3 big kobolds
  A gnoll sergeant (D:7)
  6 giant frogs
  A scorpion (D:8)
  2 wyvern skeletons
  5 killer bees (D:7)
  3 jellies (D:5)
  2 howler monkeys (D:7)
  4 crimson imps
  2 hounds
  2 giant frog zombies (D:8)
  A quasit (D:9)
  2 centaur zombies
  4 orc priests
  Crazy Yiuf (D:3)
  3 orc wizards
  2 iguanas
  5 worker ants
  2 hound zombies
  A hound skeleton (D:6)
  A howler monkey zombie (D:5)
  A worker ant zombie (D:6)
  12 gnolls
  7 adders
  6 shadow imps
  2 oozes
  An adder skeleton (D:4)
  A worm (D:6)
  3 dart slugs
  A giant gecko (D:6)
  25 orcs
  8 bats
  5 giant cockroaches
  7 hobgoblins
  15 jackals
  A ball python zombie (D:5)
  A giant gecko skeleton (D:8)
  10 giant newts
  16 goblins
  18 kobolds
  A quokka skeleton (D:5)
  11 rats
  A fungus (D:3)
220 creatures vanquished.

Notes
Turn   | Place    | Note
--------------------------------------------------------------
     0 | D:1      | Romlok the Formicid Venom Mage began the quest for the Orb.
     0 | D:1      | Reached XP level 1. HP: 13/13 MP: 3/3
   167 | D:1      | Reached skill level 1 in Fighting
   333 | D:1      | Reached XP level 2. HP: 21/21 MP: 1/5
   956 | D:1      | Reached XP level 3. HP: 25/28 MP: 4/6
  1405 | D:1      | Gained mutation: Your system is resistant to poisons. [potion of mutation]
  1405 | D:1      | Gained mutation: Your movements are slightly less encumbered by armour (ER -2). [potion of mutation]
  1405 | D:1      | Gained mutation: Your magical capacity is low (-10% MP). [potion of mutation]
  1637 | D:2      | Found a sacrificial altar of Ru.
  1829 | D:2      | Reached skill level 1 in Maces & Flails
  1853 | D:2      | Found a glowing golden altar of the Shining One.
  1855 | D:2      | Noticed an angel
  1862 | D:2      | Found a basalt altar of Yredelemnul.
  1864 | D:2      | Noticed a profane servitor
  2294 | D:2      | Reached XP level 4. HP: 35/35 MP: 4/6
  2569 | D:2      | Found a bloodstained altar of Trog.
  2804 | D:2      | Noticed Ijyb
  2975 | D:3      | Noticed Vaeri's ghost (weakling DESu)
  3301 | D:3      | Found a stormy altar of Qazlal.
  3303 | D:3      | Noticed a water elemental
  3304 | D:3      | Noticed a fire elemental
  3304 | D:3      | Noticed an air elemental
  3304 | D:3      | Noticed an earth elemental
  3371 | D:3      | Reached skill level 2 in Maces & Flails
  4082 | D:3      | Reached XP level 5. HP: 41/41 MP: 5/7
  4509 | D:3      | Learned a level 3 spell: Mephitic Cloud
  4549 | D:3      | Noticed Crazy Yiuf
  4602 | D:3      | Killed Crazy Yiuf
  4602 | D:3      | Reached skill level 3 in Maces & Flails
  4724 | D:4      | Found a sparkling altar of Nemelex Xobeh.
  4896 | D:4      | Reached XP level 6. HP: 46/48 MP: 5/8
  4929 | D:3      | Reached skill level 4 in Maces & Flails
  5559 | D:5      | Entered Level 5 of the Dungeon
  5628 | D:5      | Found a blossoming altar of Fedhas.
  5630 | D:5      | Found a deep blue altar of Sif Muna.
  5648 | D:5      | Reached skill level 5 in Maces & Flails
  5648 | D:5      | Reached XP level 7. HP: 49/54 MP: 9/9
  5783 | D:5      | Reached skill level 6 in Maces & Flails
  6607 | D:5      | Reached skill level 7 in Maces & Flails
  6795 | D:5      | Reached XP level 8. HP: 28/60 MP: 10/10
  7168 | D:6      | Found a radiant altar of Vehumet.
  7808 | D:6      | Reached skill level 8 in Maces & Flails
  8658 | D:6      | Reached skill level 9 in Maces & Flails
  9553 | D:7      | Reached skill level 1 in Shields
  9553 | D:7      | Reached XP level 9. HP: 65/65 MP: 7/11
  9972 | D:7      | Found a staircase to the Ecumenical Temple.
  9979 | D:7      | Reached skill level 10 in Maces & Flails
 10005 | Temple   | Entered the Ecumenical Temple
 10201 | Temple   | Became a worshipper of Warmaster Okawaru
 10451 | D:7      | Reached skill level 1 in Invocations
 11843 | D:8      | Found a staircase to the Lair.
 12017 | D:8      | Reached skill level 11 in Maces & Flails
 12610 | D:7      | Reached * piety under Okawaru
 12776 | D:8      | Found an iron altar of Okawaru.
 12803 | D:8      | Reached XP level 10. HP: 64/71 MP: 10/11
 13584 | D:8      | Reached skill level 12 in Maces & Flails
 13750 | D:8      | Found a blossoming altar of Fedhas.
 14076 | D:9      | Found a shattered altar of Ashenzari.
 14128 | D:9      | Found a runed door.
 14208 | D:9      | Noticed a hill giant
 14247 | D:9      | Found a glowing silver altar of Zin.
 14251 | D:9      | Noticed an angel
 14254 | D:9      | Found a shimmering altar of Xom.
 14694 | D:9      | Found a runed door.
 14891 | D:9      | Killed from afar by an electric eel

Skill      XL: |  1  2  3  4  5  6  7  8  9 10 |
---------------+-------------------------------+-----
Fighting       | 1 2 3 4 |  4.0
Maces & Flails | 1 2 3 5 7 9 11 12 | 12.7
Shields        | 1 3 |  3.3
Invocations    | 3 |  3.1
Armour         | |  0.2
Dodging        | |  1.7
Stealth        | |  2.4
Spellcasting   | |  2.1
Poison Magic   | |  5.3

Action                   |  1- 3 |  4- 6 |  7- 9 | 10-12 || total
-------------------------+-------+-------+-------+-------++-------
Melee: Unarmed           |     5 |       |       |       ||     5
       Dagger            |    27 |   101 |       |       ||   128
       Club              |     7 |       |       |       ||     7
       Mace              |     5 |       |       |       ||     5
       Flail             |       |    68 |   429 |   134 ||   631
Throw: Javelin           |       |     3 |       |     4 ||     7
       Stone             |       |       |    40 |     6 ||    46
 Cast: Sting             |    57 |   101 |   150 |    32 ||   340
       Mephitic Cloud    |       |     2 |     1 |       ||     3
Invok: Heroism           |       |       |       |     1 ||     1
Evoke: Wand              |       |       |     8 |       ||     8
  Use: Potion            |     5 |     1 |     2 |       ||     8
       Scroll            |     2 |     4 |     5 |       ||    11
 Stab: Sleeping          |     2 |     3 |     3 |       ||     8
       Confused          |       |       |     1 |       ||     1
  Eat: Chunk             |     5 |    13 |    21 |     8 ||    47
       Fruit             |       |       |     4 |       ||     4
Armor: Robe              |     7 |     8 |       |       ||    15
       Leather armour    |       |    31 |   106 |    34 ||   171
Dodge: Dodged            |    34 |    75 |   266 |    90 ||   465
Block: Buckler           |       |       |    51 |    23 ||    74
